 Dungeon Crawl Stone Soup version 0.17-a0-1562-g9b2c768 (webtiles) character file.

84 volk64 the Cutter (level 4, -3/29 HPs)
             Began as a Kobold Chaos Knight on July 20, 2015.
             Was an Initiate of Okawaru.
             Succumbed to HEYYEYAAE's ghost's poison
             ... on level 3 of the Dungeon.
             The game lasted 00:09:46 (1562 turns).

volk64 the Cutter (Kobold Chaos Knight)             Turns: 1562, Time: 00:09:46

Health: -3/29      AC:  6    Str: 16    XL:     4   Next: 74%
Magic:  1/4        EV: 16    Int: 10    God:    Okawaru [......]
Gold:   124        SH:  0    Dex: 15    Spells: 0 memorised, 3 levels left

rFire  . . .     SeeInvis .     a - +0 short sword (chaos)
rCold  . . .     Clarity  .     b - +2 leather armour
rNeg   + . .     SustAt   .     (shield restricted)
rPois  .         Gourm    .     (no helmet)
rElec  .         Spirit   +     n - +0 cloak
rCorr  .         Warding  .     (no gloves)
rMut   .         Stasis   .     (no boots)
MR     .....                    h - amulet of guardian spirit
Stlth  ++........               (no ring)
                                l - ring of positive energy

@: mighty, lethally poisoned (-3 -> -55), not resistant to hostile enchantments,
unstealthy
A: carnivore 3
a: Renounce Religion


You were on level 3 of the Dungeon.
You worshipped Okawaru.
Okawaru was noncommittal.
You were very full.

You visited 1 branch of the dungeon, and saw 3 of its levels.

You collected 124 gold pieces.

Inventory:

Hand weapons
 a - a +0 short sword of chaos (weapon)
 m - a cursed -2 short sword
 q - a +0 whip of venom
Armour
 b - a +2 leather armour (worn)
 n - a +0 cloak (worn)
Jewellery
 h - an amulet of guardian spirit (around neck)
 l - a ring of positive energy (left hand)
Scrolls
 d - a scroll of magic mapping {unknown}
 e - 2 scrolls of fog {unknown}
 f - 5 scrolls of remove curse {unknown}
 i - a scroll of amnesia {unknown}
 p - 2 scrolls of teleportation {unknown}
 t - a scroll of identify {unknown}
Potions
 k - a potion of magic {unknown}
 o - a potion of haste {unknown}
Comestibles
 c - a meat ration
 s - a chunk of flesh


   Skills:
 + Level 4.0 Fighting
 + Level 4.8 Short Blades
 + Level 1.0 Armour
 + Level 3.8 Dodging
 + Level 1.3 Stealth


You had 3 spell levels left.
You didn't know any spells.

Dungeon Overview and Level Annotations

Branches:
Dungeon (3/15)

Altars:
Okawaru

Annotations:
D:3 HEYYEYAAE's ghost, average DrBe


Innate Abilities, Weirdness & Mutations

You are small and have problems with some larger weapons.
You are carnivorous and can eat meat at any time.


Message History

It was a potion of might.
You feel very mighty all of a sudden.
* * * LOW HITPOINT WARNING * * *
You feel sick. HEYYEYAAE's ghost hits you.
* * * LOW HITPOINT WARNING * * *
You are too injured to fight recklessly!
Drink which item? (? for menu, Esc to quit)
It was a potion of poison.
That liquid tasted very nasty...
You are more poisoned.
* * * LOW HITPOINT WARNING * * *
You feel very sick. HEYYEYAAE's ghost hits you.
You are more poisoned.
Use which ability? (? or * to list)
Okay, then.
You are too injured to fight recklessly!
You are too injured to fight recklessly!
You barely miss HEYYEYAAE's ghost.
HEYYEYAAE's ghost is heavily damaged.
You die...

..#....###.####
$...............#
...#........... #
#.#.........###..
.. ....##.#........
... ..>.#....#####
.... #..#..........
.....#..#<..#######
........@...#
##.#..W....#
#..#....# #....#+##
......# ###.#...
#.#... #.##... #.
...


You could see HEYYEYAAE's ghost.

Vanquished Creatures
  3 adders (D:2)
  A giant gecko (D:1)
  3 ball pythons
  A giant cockroach (D:1)
  A giant cockroach (shapeshifter) (D:2)
  6 goblins
  5 hobgoblins (D:1)
  10 kobolds
  10 bats
  4 giant newts
  6 jackals
  2 rats
52 creatures vanquished.

Notes
Turn   | Place    | Note
--------------------------------------------------------------
     0 | D:1      | volk64 the Kobold Chaos Knight began the quest for the Orb.
     0 | D:1      | Reached XP level 1. HP: 14/14 MP: 1/1
    19 | D:1      | XOM: harmless Pois miscast
    46 | D:1      | Found an iron altar of Okawaru.
    63 | D:1      | Reached XP level 2. HP: 14/19 MP: 2/2
    78 | D:1      | Fell from the grace of Xom
    78 | D:1      | Became a worshipper of Warmaster Okawaru
    96 | D:1      | Reached skill level 1 in Armour
   152 | D:1      | Reached XP level 3. HP: 8/24 MP: 3/3
   732 | D:2      | Reached XP level 4. HP: 29/29 MP: 4/4
   839 | D:2      | Reached skill level 1 in Stealth
  1541 | D:3      | Noticed HEYYEYAAE's ghost (average DrBe)
  1561 | D:3      | HP: 1/29 [poison (a potion of poison)]
  1562 | D:3      | Succumbed to HEYYEYAAE's ghost's poison

Vault maps used:
D:1:      dpeg_arrival_long_road, okawaru_ov_weapons_minmay
D:3:      minmay_misc_feat_encased, kennysheep_generic_room_10

Action                   |  1- 3 |  4- 6 || total
-------------------------+-------+-------++-------
Melee: Short sword       |   114 |    98 ||   212
  Use: Potion            |       |     3 ||     3
 Stab: Petrifying        |     1 |     1 ||     2
       Paralysed         |     1 |     1 ||     2
       Confused          |     1 |       ||     1
  Eat: Chunk             |     6 |     4 ||    10
